 Dungeon Crawl Stone Soup version 0.31.0-9-g3a7656b989 (console) character file.

Game seed: 11888231951876969843

33060 AlterAsc the Brawler (level 13, -9/150 HPs)
             Began as a White Draconian Shapeshifter on Jan 24, 2024.
             Was a High Priest of Okawaru.
             Mangled by a white ugly thing (26 damage)
             ... in an ice cave.
             The game lasted 01:00:55 (19742 turns).

AlterAsc the Brawler (DrSh)                        Turns: 19742, Time: 01:00:57

Health: -9/150     AC: 26    Str: 20    XL:     13   Next: 34%
Magic:  15/15      EV:  2    Int: 10    God:    Okawaru [*****.]
Gold:   713        SH:  0    Dex: 13    Spells: 12/12 levels left

rFire   . .          .
                       - Unarmed
rCold   . . .        (no shield)
rNeg    . . .        (body armour unavailable)
rPois   +            (helmet currently unavailable)
rElec   .            t - melded +0 cloak
rCorr   .            Y - melded +2 pair of gloves
SInv    .            Z - melded +1 pair of boots
Will    .....        Q - amulet of the acrobat
Stlth   +            l - ring of poison resistance
HPRegen 0.45/turn    H - +5 ring of evasion
MPRegen 0.14/turn

%: acrobat
@: tree-form
A: stationary, stasis, torment immunity, boosted hp, (breathe frost), AC +8,
unfitting armour, (cold resistance 1), (cold-blooded)
a: Renounce Religion, Heroism, Finesse, Duel


You were in an ice cave.
You worshipped Okawaru.
Okawaru was extremely pleased with you.
You were a tree.
You visited 3 branches of the dungeon, and saw 16 of its levels.
You also visited: Ice Cave.

You collected 771 gold pieces.
You spent 58 gold pieces at shops.

Inventory:

Hand Weapons
 w - the +10 war axe of Zull {flame, Str+5}
   (You took it off a hobgoblin on level 4 of the Dungeon)

   Str+5:     It affects your strength (+5).
 C - a +0 flail
Missiles
 a - 43 poisoned darts
 g - 157 stones (quivered)
 k - 5 throwing nets
 B - an atropa-tipped dart
 I - a curare-tipped dart
 K - a javelin
 T - 2 silver javelins
Armour
 t - a +0 cloak (melded)
 Y - a +2 pair of gloves (melded)
 Z - a +1 pair of boots (melded)
Jewellery
 l - a ring of poison resistance (left branch)
 q - a ring of flight
 D - a ring of see invisible
 H - a +5 ring of evasion (right branch)
 Q - an amulet of the acrobat (around neck)
 V - a +6 ring of dexterity
 W - a +6 ring of strength
Talismans
 b - a beast talisman
 c - a flux talisman
 A - a maw talisman (active)
Wands
 m - a wand of polymorph (3)
 r - a wand of mindburst (8)
 F - a wand of roots (3)
 O - a wand of digging (26)
Scrolls
 d - a scroll of immolation
 f - 8 scrolls of teleportation
 h - 4 scrolls of silence
 i - a scroll of amnesia
 j - 4 scrolls of enchant weapon
 n - 3 scrolls of fog
 o - 4 scrolls of torment
 p - 4 scrolls of revelation
 u - 5 scrolls of vulnerability
 v - 3 scrolls of fear
 y - 2 scrolls of poison
 X - a scroll of noise
Potions
 e - 4 potions of brilliance {unknown}
 s - 4 potions of curing
 x - 4 potions of mutation {unknown}
 z - 5 potions of resistance {unknown}
 E - a potion of magic {unknown}
 G - a potion of attraction {unknown}
 J - a potion of berserk rage {unknown}
 L - a potion of cancellation {unknown}
 M - a potion of enlightenment {unknown}
 N - a potion of ambrosia {unknown}
 P - 4 potions of haste {unknown}
 U - 3 potions of might {unknown}


   Skills:
 - Level 5.0 Fighting
 + Level 8.3 Dodging
 * Level 17.9 Unarmed Combat
 + Level 3.1 Invocations
 - Level 10.0 Shapeshifting


You had 12 spell levels left.
You didn't know any spells.
Your spell library contained the following spells:

 Spells                   Type           Power      Damage    Failure   Level
 Freeze                   Ice            0%         1d3       36%         1
 Kiss of Death            Conj/Necr      0%         2d5       36%         1
 Magic Dart               Conj           0%         1d3       36%         1
 Mercury Vapours          Alch/Air       0%         N/A       50%         2
 Confusing Touch          Hex            0%         N/A       75%         3
 Frozen Ramparts          Ice            0%         1d1       75%         3
 Hailstorm                Conj/Ice       0%         3d5       75%         3
 Mephitic Cloud           Conj/Alch/Air  0%         N/A       75%         3
 Stone Arrow              Conj/Erth      0%         3d7       75%         3
 Dispel Undead            Necr           0%         3d6       98%         4
 Ignite Poison            Fire/Alch      0%         N/A       98%         4
 Sticky Flame             Fire/Alch      0%         2d4       98%         4
 Freezing Cloud           Conj/Ice/Air   0%         6-21      100%        5
 Lee's Rapid Deconstruct  Erth           0%         3d4*      100%        5
 Ignition                 Fire           0%         3d3       100%        8
 Animate Armour           Summ/Erth      Unusable   N/A       N/A         4
 Summon Lightning Spire   Summ/Air       Unusable   N/A       N/A         4

Dungeon Overview and Level Annotations

Branches:
Dungeon (11/15)            Temple (1/1) D:5            Lair (4/5) D:11
 Shoals (0/4) Lair:2        Snake (0/4) Lair:3          Orc (0/2) D:9
  IceCv (1/1)
  Slime: Lair:4-5

Altars:
Ashenzari
Cheibriados
Elyvilon
Fedhas
Gozag
Hepliaklqana
Kikubaaqudgha
Makhleb
Nemelex Xobeh
Okawaru
Qazlal
Ru
Sif Muna
Trog
Uskayaw
Vehumet
Xom
Yredelemnul
Zin
The Shining One

Shops:
D:1 [   D:11 =

Annotations:
D:3 3 runed translucent doors, GriffinBr's ghost, novice OpSh; HourglassMan's ghost, amateur MiFi; Sigmund; mursu's ghost, amateur FoHu; waddelsworth's ghost, amateur MiFi
D:6 1 runed translucent door, Crazy Yiuf
D:11 2 transporters, kuniqs's ghost, journeyman DsBe
Lair:1 exclusion: oklob plant
Lair:4 Nessos; Rupert


Innate Abilities, Weirdness & Mutations

You are a tree.
Your roots penetrate the ground, keeping you stationary.
You cannot be teleported.
You are immune to unholy pain and torment.
Your maximum health is greatly increased.
Your equipment is partially melded.
((You can breathe waves of freezing cold which knock back foes.))
((Your icy white scales are hard. (AC +8)))
You cannot fit into any form of body armour.
((Your flesh is cold resistant. (rC+)))
((You are cold-blooded and may be slowed by cold attacks.))


Message History

The anaconda simulacrum vaporises!
Okawaru accepts your kill.
The white ugly thing closely misses you.
The wolf simulacrum bites you but does no damage.
You barely miss the white ugly thing. You punch the white ugly thing.
The white ugly thing is lightly wounded.
The wolf simulacrum bites you but does no damage.
The white ugly thing misses you.
You barely miss the white ugly thing. Your bite misses the white ugly thing.
The white ugly thing is lightly wounded.
The wolf simulacrum closely misses you.
The death yak simulacrum gores you but does no damage.
You punch the white ugly thing!
Your tail-slap misses the white ugly thing.
The white ugly thing is lightly wounded.
The white ugly thing barely misses you. The wolf simulacrum closely misses you.
You hit the white ugly thing. You tail-slap the white ugly thing.
Your punch misses the white ugly thing. You bite the white ugly thing.
The white ugly thing is lightly wounded.
The wolf simulacrum barely misses you. The white ugly thing engulfs you.
The white ugly thing freezes you! You resist.
* * * LOW HITPOINT WARNING * * *
The death yak simulacrum gores you!
* * * LOW HITPOINT WARNING * * *
The death yak simulacrum freezes you! You resist.
* * * LOW HITPOINT WARNING * * *
Okay, then.
Okay, then.
Okay, then.
Okay, then.
Really quaff the potion of lignification?
Your transformation has ended.
You turn into a tree.
Your +0 cloak melds into your body.
Your +2 pair of gloves melds into your body.
Your +1 pair of boots melds into your body.
Your roots penetrate the ground.
The wolf simulacrum bites you but does no damage.
The white ugly thing engulfs you.
* * * LOW HITPOINT WARNING * * *
The white ugly thing freezes you!!
You die...

#...(.©.!...#
##....?)(....##
#......(......#
#....8...8....#
#.............#
#...........#
#...........#
#...........#
##.........##
##uZZ∩...##
##♣.∩..##
#######


You could see a white ugly thing, a wolf simulacrum and a death yak simulacrum.

Vanquished Creatures
  Snorg (D:10)
  A hydra (Lair:2)
  Erica (D:8)
  A boulder beetle (D:11)
  4 death yaks (Lair:1)
  2 two-headed ogres
  3 skeletal warriors
  A black mamba (Lair:3)
  A merfolk siren (Lair:2)
  4 cane toads
  8 elephants (Lair:1)
  A torpor snail (Lair:3)
  A rime drake (Lair:1)
  4 komodo dragons
  An anaconda simulacrum (IceCv)
  A polar bear (Lair:3)
  4 trolls
  14 blink frogs
  2 hornets
  2 dream sheep (Lair:3)
  4 wyverns
  2 vampires
  A wraith (D:10)
  A ynoxinul (D:10)
  27 yaks
  A steam dragon (D:6)
  6 vampire mosquitoes
  2 basilisks (Lair:1)
  3 nagas (Lair:3)
  An acid dragon (D:10)
  Edmund (D:6)
  15 water moccasins
  An ice beast (D:7)
  8 orc warriors
  A sky beast (D:4)
  A black bear (Lair:1)
  2 ogres
  6 wolves (Lair:1)
  2 centaurs
  A phantom (D:6)
  Blork the orc (D:6)
  4 kobold brigands
  13 bullfrogs
  4 scorpions
  A gnoll sergeant (D:8)
  11 wights (D:8)
  15 killer bees (D:9)
  3 howler monkeys
  4 electric eels
  3 crimson imps (D:4)
  5 jellies
  10 orc priests
  A bombardier beetle (D:6)
  2 gnoll boudas
  4 hounds
  Terence (D:2)
  12 orc wizards
  4 iguanas
  A hell rat (Lair:3)
  10 adders
  17 gnolls
  A shadow imp (D:8)
  13 white imps
  4 ufetubi
  A dart slug (D:2)
  2 ribbon worms
  44 orcs
  8 ball pythons
  2 bats (D:1)
  10 endoplasms
  3 giant cockroaches (D:4)
  6 goblins
  5 hobgoblins
  A jackal (D:4)
  31 kobolds
  5 quokkas
  4 frilled lizards (D:2)
  6 rats
415 creatures vanquished.

Vanquished Creatures (others)
  An orc (D:10)
1 creature vanquished.

Grand Total: 416 creatures vanquished

Notes
Turn   | Place    | Note
-------+----------+-------------------------------------------
     0 | D:1      | AlterAsc the Draconian Shapeshifter began the quest for the
                  | Orb.
     0 | D:1      | Reached XP level 1. HP: 16/16 MP: 1/1
    28 | D:1      | Found Bittub's Armour Boutique.
    28 | D:1      | Noticed an animated pearl dragon scales
    31 | D:1      | Noticed an animated crystal plate armour
   232 | D:1      | Reached XP level 2. HP: 20/23 MP: 2/2
   891 | D:1      | Reached skill level 4 in Unarmed Combat
  1129 | D:2      | Reached XP level 3. HP: 19/28 MP: 3/3
  1225 | D:2      | Noticed Terence
  1366 | D:2      | Killed Terence
  1367 | D:2      | Reached skill level 5 in Unarmed Combat
  1367 | D:2      | Reached XP level 4. HP: 16/35 MP: 4/4
  1893 | D:3      | Found a runed translucent gate.
  1893 | D:3      | Found a runed translucent gate.
  1894 | D:3      | Found a runed translucent gate.
  1894 | D:3      | Noticed waddelsworth's ghost (amateur MiFi)
  1894 | D:3      | Noticed mursu's ghost (amateur FoHu)
  1895 | D:3      | Noticed GriffinBr's ghost (novice OpSh)
  1895 | D:3      | Noticed HourglassMan's ghost (amateur MiFi)
  2377 | D:3      | Found a faded altar of an unknown god.
  2395 | D:3      | Reached XP level 5. HP: 40/40 MP: 5/5
  2427 | D:3      | Noticed Sigmund
  2584 | D:4      | Reached skill level 6 in Unarmed Combat
  2740 | D:4      | Found a shimmering altar of Xom.
  2920 | D:4      | Reached XP level 6. HP: 47/47 MP: 6/6
  3037 | D:4      | Identified the +10 war axe of Zull {flame, Str+5}
  3097 | D:4      | Noticed a sky beast
  3116 | D:4      | Killed a sky beast
  3117 | D:4      | Reached skill level 7 in Unarmed Combat
  3555 | D:4      | Reached skill level 8 in Unarmed Combat
  3677 | D:4      | Your scales start taking on an icy white colour.
  3677 | D:4      | Reached XP level 7. HP: 51/52 MP: 7/7
  3677 | D:4      | Gained mutation: Your flesh is cold resistant. (rC+) [White
                  | Draconian growth]
  3962 | D:5      | Entered Level 5 of the Dungeon
  4562 | D:4      | Reached skill level 9 in Unarmed Combat
  5025 | D:5      | Found a staircase to the Ecumenical Temple.
  5033 | Temple   | Entered the Ecumenical Temple
  5251 | D:5      | Reached XP level 8. HP: 53/62 MP: 8/8
  5615 | D:6      | Found a runed translucent door.
  5616 | D:6      | Noticed Crazy Yiuf
  6189 | D:6      | Noticed Edmund
  6218 | D:6      | Killed Edmund
  6402 | D:6      | Noticed Blork the orc
  6412 | D:6      | Killed Blork the orc
  6413 | D:6      | Reached skill level 10 in Unarmed Combat
  6520 | D:6      | Reached XP level 9. HP: 68/72 MP: 9/9
  6592 | D:6      | Identified the +0 whip of Prudence {venom, rElec Dex+2}
  6734 | D:6      | Reached skill level 5 in Shapeshifting
  6959 | D:6      | Reached skill level 5 in Fighting
  8008 | D:8      | Noticed Erica
  8083 | D:8      | Killed Erica
  8084 | D:8      | Reached skill level 5 in Dodging
  8084 | D:8      | Reached skill level 11 in Unarmed Combat
  8323 | D:8      | Reached XP level 10. HP: 69/81 MP: 10/10
  9070 | D:8      | Found a glowing golden altar of the Shining One.
  9113 | D:8      | Reached skill level 12 in Unarmed Combat
  9927 | D:9      | Found a snail-covered altar of Cheibriados.
 10028 | D:9      | Found a staircase to the Orcish Mines.
 10293 | D:9      | Noticed a two-headed ogre
 10325 | D:9      | Killed a two-headed ogre
 10787 | D:9      | Reached XP level 11. HP: 79/86 MP: 11/11
 10962 | D:10     | Entered Level 10 of the Dungeon
 11167 | D:10     | Reached skill level 13 in Unarmed Combat
 11439 | D:10     | Found an iron altar of Okawaru.
 11443 | D:10     | Noticed Snorg
 11451 | D:10     | Became a worshipper of Warmaster Okawaru
 11585 | D:10     | Killed Snorg
 11673 | D:10     | Reached skill level 10 in Shapeshifting
 11726 | D:10     | Reached * piety under Okawaru
 12034 | D:10     | Found a shimmering blue altar of Sif Muna.
 12094 | D:10     | Got Sif Muna's Omnibus of Indurated Injury
 12099 | D:10     | Found a bloodstained altar of Trog.
 12105 | D:10     | Reached skill level 1 in Invocations
 12220 | D:10     | Reached ** piety under Okawaru
 12509 | D:11     | Reached skill level 14 in Unarmed Combat
 12698 | D:11     | Noticed a boulder beetle
 12825 | D:11     | Found Ahise's Jewellery Shoppe.
 12910 | D:11     | Reached *** piety under Okawaru
 13002 | D:11     | Noticed a skeletal warrior
 13006 | D:11     | Noticed a skeletal warrior
 13021 | D:10     | Killed a skeletal warrior
 13132 | D:11     | Killed a skeletal warrior
 13386 | D:11     | Noticed a skeletal warrior
 13405 | D:11     | Killed a skeletal warrior
 13406 | D:11     | Reached skill level 15 in Unarmed Combat
 13724 | D:11     | Found a staircase to the Lair.
 13810 | Lair:1   | Entered Level 1 of the Lair of Beasts
 13966 | Lair:1   | Reached **** piety under Okawaru
 13967 | Lair:1   | Reached XP level 12. HP: 84/94 MP: 14/14
 14782 | Lair:1   | Reached skill level 16 in Unarmed Combat
 14886 | Lair:1   | Reached ***** piety under Okawaru
 16008 | D:1      | Bought a +0 cloak for 58 gold pieces
 16218 | D:11     | Killed a boulder beetle
 16328 | D:11     | Noticed a boulder beetle
 16332 | D:11     | Noticed kuniqs's ghost (journeyman DsBe)
 16337 | D:11     | Found a transporter.
 16469 | D:11     | Found a transporter.
 16481 | D:11     | Noticed a two-headed ogre
 16488 | D:11     | Killed a two-headed ogre
 16865 | Lair:2   | Noticed a death yak
 16866 | Lair:2   | Noticed a death yak
 16867 | Lair:2   | Noticed a death yak
 17098 | Lair:2   | Noticed a death yak
 17121 | Lair:1   | Killed a death yak
 17141 | Lair:1   | Killed a death yak
 17141 | Lair:1   | Received a gift from Okawaru
 17142 | Lair:1   | Reached skill level 17 in Unarmed Combat
 17186 | Lair:1   | Killed a death yak
 17193 | Lair:1   | Killed a death yak
 17354 | Lair:2   | Reached XP level 13. HP: 100/100 MP: 15/15
 17777 | Lair:2   | You fall into a shaft and drop 1 floor!
 17777 | Lair:3   | Found a staircase to the Snake Pit.
 18079 | Lair:2   | Found a staircase to the Shoals.
 19229 | Lair:3   | Received a gift from Okawaru
 19473 | Lair:4   | Noticed Rupert
 19515 | Lair:4   | Found a frozen archway.
 19550 | Lair:4   | Noticed Nessos
 19726 | IceCv    | Entered an ice cave
 19742 | IceCv    | Mangled by a white ugly thing

Illustrated notes

Levels and vault maps discovered:
D:1:      shiori_arrival_maze, layout_basic, serial_shops,
          nicolae_shop_mannequins
D:2:      layout_basic, serial_corexii_hall, chequers_hall_statues_wall_a,
          chequers_hall_statues_wall_a, uniq_terence
D:3:      layout_loops_corners, gammafunk_temple_overflow_wave,
          chequers_ecumenical_altar_twisty, gammafunk_ghost_cemetery,
          uniq_sigmund
D:4:      minmay_razor_zed, layout_basic, led_xom_imps, minmay_pentomino_pile
D:5:      layout_basic, minmay_temple_entry_grid
D:6:      layout_cave_pods, lemuel_flamethrower_2, uniq_edmund,
          uniq_crazy_yiuf_cottage, uniq_blork_the_orc
D:7:      layout_cave_pools, water_maze_lemuel
D:8:      layout_loops_ring, nicolae_tso_carved_into_rock,
          mrwooster_statue_mirror, minmay_chambers_of_fives, uniq_erica
D:9:      layout_loops_ring, cheibrodos_worm_habitat, david_orc_5,
          serial_library_hellmonk_small_alcove
D:10:     layout_long_grid, nzn_overflow_gifts_of_might_and_magic,
          okawaru_metal_pillars_1_2, uniq_snorg
D:11:     layout_loops_cross, lair_entry_dummy, gammafunk_ghost_arena,
          minmay_shop_enchanted_jewellery
Temple:   eino_temple_water
Lair:1:   layout_layer_cave, chequers_serial_rivers_marsh,
          dreamdust_mushroom_princess, beast_lair_carwin_6
Lair:2:   layout_roguey, elwin_shoals_entry_rooms, nicolae_quartered_pool_little
Lair:3:   layout_small_grid, minmay_snake_entry_guardpost_small
Lair:4:   layout_gridlike, portal_ice_cave_entry_imps, uniq_rupert, uniq_nessos
IceCv:    ice_cave_statue_garden_transporter

Skill      XL: |  1  2  3  4  5  6  7  8  9 10 11 12 13 |
---------------+----------------------------------------+-----
Unarmed Combat | 4 5 6 8 9 10 11 12 15 17 | 17.9
Fighting       | 2 4 5 |  5.0
Dodging        | 3 5 7 8 |  8.3
Shapeshifting  | 4 6 9 10 | 10.0
Invocations    | 3 |  3.1

Action                     |  1- 3 |  4- 6 |  7- 9 | 10-12 | 13-15 || total
---------------------------+-------+-------+-------+-------+-------++-------
  Melee: Unarmed           |    82 |   148 |   342 |   681 |   165 ||  1418
         Tailslap          |     5 |    18 |    45 |   107 |    22 ||   197
         Punch             |       |     6 |    19 |    60 |    15 ||   100
         Maw               |       |       |       |       |    33 ||    33
  Throw: Stone             |       |     5 |       |       |       ||     5
         Dart              |       |       |     4 |     1 |       ||     5
Ability: Breathe Frost     |       |       |     8 |    36 |     2 ||    46
    Use: Potion            |     2 |       |     4 |     2 |     1 ||     9
         Scroll            |     1 |     5 |     3 |     8 |       ||    17
   Stab: Sleeping          |     1 |     2 |     1 |     1 |       ||     5
 Armour: Skin              |    46 |    67 |   181 |   293 |    77 ||   664
  Dodge: Dodged            |    35 |    59 |   250 |   602 |   121 ||  1067
         Form:             |       |       |       |     1 |       ||     1
         Beast             |       |       |       |     1 |       ||     1
         Maw               |       |       |       |       |     1 ||     1
